APL (24 & UNDER)
MONTGOMERY GREY SOX @ STATE COLLEGE SPIKES
05/15/2028
 
TOP OF THE 1ST
Montgomery Grey Sox batting - Pitching for State College Spikes : RHP Luis García
Pitching: RHP Luis García
Batting: RHB Frederick Curtis 0-0: Swinging Strike
0-1: Ball
1-1: SINGLE (Groundball, 6MD)
Batting: SHB Kenneth Cruz 0-0: Swinging Strike
0-1: Swinging Strike
0-2: Ball
1-2: Ball
2-2: Ball
3-2: Foul Ball, location: 2F
3-2: Strikes out looking
Frederick Curtis is caught stealing 2nd base
Batter strikes out.
Batting: LHB Amlak Saitoti 0-0: Called Strike
0-1: Ball
1-1: Foul Ball, location: 2F
1-2: Ball
2-2: Strikes out looking
Top of the 1st over - 0 run(s), 1 hit(s), 0 error(s), 0 left on base; Montgomery 0 - State College 0
BOTTOM OF THE 1ST
State College Spikes batting - Pitching for Montgomery Grey Sox : RHP Jorge Villalobos
Pitching: RHP Jorge Villalobos
Batting: RHB Matt Tucker 0-0: Ball
1-0: Called Strike
1-1: Ball
2-1: Ball
3-1: Base on Balls
Batting: RHB Luis Montoya 0-0: Ball
1-0: Ball
2-0: Fly out, F6 (Popup, 6)
Batting: RHB Martín López 0-0: Ball
Matt Tucker steals 2nd base
1-0: Called Strike
1-1: Ground out 5-3 (Groundball, 56S)
Matt Tucker to third
Batting: RHB Joe Salas 0-0: Ball
1-0: Called Strike
1-1: Swinging Strike
1-2: SINGLE (Line Drive, 6M)
Matt Tucker scores
Batting: LHB Robin Jamieson 0-0: Swinging Strike
0-1: Called Strike
0-2: Ball
1-2: Foul Ball, location: 2F
1-2: Ball
2-2: Strikes out looking
Bottom of the 1st over - 1 run(s), 1 hit(s), 0 error(s), 1 left on base; Montgomery 0 - State College 1
TOP OF THE 2ND
Montgomery Grey Sox batting - Pitching for State College Spikes : RHP Luis García
Batting: SHB Joe Pierce 0-0: Fly out, F6 (Popup, 6D)
Batting: RHB Reinaldo Amarante 0-0: Swinging Strike
0-1: Ball
1-1: Ball
2-1: Fly out, F8 (Flyball, 8LD)
Batting: SHB Hoyt Norris 0-0: Called Strike
0-1: Ball
1-1: Fly out, F9 (Flyball, 9LD)
Top of the 2nd over - 0 run(s), 0 hit(s), 0 error(s), 0 left on base; Montgomery 0 - State College 1
BOTTOM OF THE 2ND
State College Spikes batting - Pitching for Montgomery Grey Sox : RHP Jorge Villalobos
Batting: RHB Luis Árias 0-0: Ball
1-0: Ball
2-0: Ball
3-0: Base on Balls
Batting: LHB Jorge Luna 0-0: Called Strike
0-1: Foul Ball, location: 2F
0-2: Foul Ball, location: 2F
0-2: Strikes out swinging
Batting: RHB Norberto Márquez 0-0: Ball
1-0: Swinging Strike
1-1: Foul Ball, location: 2F
1-2: Strikes out swinging
Batting: RHB Daniel Martínez 0-0: Ball
Wild Pitch!
Luis Árias to second
1-0: Called Strike
1-1: Fly out, F7 (Flyball, 7LMF)
Bottom of the 2nd over - 0 run(s), 0 hit(s), 0 error(s), 1 left on base; Montgomery 0 - State College 1
TOP OF THE 3RD
Montgomery Grey Sox batting - Pitching for State College Spikes : RHP Luis García
Batting: RHB Lawrence Davidson 0-0: SINGLE (Line Drive, 8LS)
Batting: RHB Bradley Burns 0-0: Ball
1-0: Fly out, F8 (Line Drive, 8RM)
Batting: RHB Dean Bailey 0-0: Ball
1-0: Called Strike
1-1: Swinging Strike
1-2: Foul Ball, location: 2F
1-2: Foul Ball, location: 2F
1-2: SINGLE (Flyball, 8LS)
Lawrence Davidson to second
Batting: RHB Frederick Curtis 0-0: Ball
1-0: Ball
2-0: Ball
3-0: Base on Balls
Lawrence Davidson to third
Dean Bailey to second
Batting: SHB Kenneth Cruz 0-0: Fly out, F8 (Flyball, 8LM)
Runner from 3rd tags up, OUT at HOME
Top of the 3rd over - 0 run(s), 2 hit(s), 0 error(s), 2 left on base; Montgomery 0 - State College 1
BOTTOM OF THE 3RD
State College Spikes batting - Pitching for Montgomery Grey Sox : RHP Jorge Villalobos
Batting: RHB Matt Tucker 0-0: Ground out 4-3 (Groundball, 4)
Batting: RHB Luis Montoya 0-0: Called Strike
0-1: Foul Ball, location: 2F
0-2: SOLO HOME RUN (Line Drive, 78XD), Distance : 412 ft
Batting: RHB Martín López 0-0: Ball
1-0: Foul Ball, location: 2F
1-1: Called Strike
1-2: Strikes out swinging
Batting: RHB Joe Salas 0-0: Called Strike
0-1: Foul Ball, location: 2F
0-2: Ground out 6-3 (Groundball, 6)
Bottom of the 3rd over - 1 run(s), 1 hit(s), 0 error(s), 0 left on base; Montgomery 0 - State College 2
TOP OF THE 4TH
Montgomery Grey Sox batting - Pitching for State College Spikes : RHP Luis García
Batting: LHB Amlak Saitoti 0-0: Called Strike
0-1: Called Strike
0-2: Ball
1-2: Strikes out swinging
Batting: SHB Joe Pierce 0-0: SINGLE (Groundball, 5D)
Batting: RHB Reinaldo Amarante 0-0: Ball
1-0: Fly out, F6 (Popup, 6MD)
Batting: SHB Hoyt Norris 0-0: Called Strike
0-1: Called Strike
0-2: Strikes out looking
Top of the 4th over - 0 run(s), 1 hit(s), 0 error(s), 1 left on base; Montgomery 0 - State College 2
BOTTOM OF THE 4TH
State College Spikes batting - Pitching for Montgomery Grey Sox : RHP Jorge Villalobos
Batting: LHB Robin Jamieson 0-0: Ball
1-0: Ground out 6-3 (Groundball, 6)
Batting: RHB Luis Árias 0-0: Ball
1-0: Ball
2-0: Foul Ball, location: 2F
2-1: Swinging Strike
2-2: Fly out, F7 (Flyball, 7)
Batting: LHB Jorge Luna 0-0: Ball
1-0: Foul Ball, location: 2F
1-1: Called Strike
1-2: Foul Ball, location: 2F
1-2: Fly out, F8 (Flyball, 8LM)
Bottom of the 4th over - 0 run(s), 0 hit(s), 0 error(s), 0 left on base; Montgomery 0 - State College 2
TOP OF THE 5TH
Montgomery Grey Sox batting - Pitching for State College Spikes : RHP Luis García
Batting: RHB Lawrence Davidson 0-0: Fly out, F3 (Flyball, 3D)
Batting: RHB Bradley Burns 0-0: Foul Ball, location: 2F
0-1: Ball
1-1: Ball
2-1: Ball
3-1: Called Strike
3-2: Base on Balls
Batting: RHB Dean Bailey 0-0: Fly out, F9 (Flyball, 9)
Batting: RHB Frederick Curtis 0-0: Ball
1-0: Foul Ball, location: 2F
1-1: Called Strike
1-2: Foul Ball, location: 2F
1-2: SINGLE (Groundball, 25) (infield hit)
Bradley Burns to second
Batting: SHB Kenneth Cruz 0-0: Foul Ball, location: 2F
0-1: Ball
1-1: Called Strike
1-2: Fly out, F8 (Flyball, 8RD)
Top of the 5th over - 0 run(s), 1 hit(s), 0 error(s), 2 left on base; Montgomery 0 - State College 2
BOTTOM OF THE 5TH
State College Spikes batting - Pitching for Montgomery Grey Sox : RHP Jorge Villalobos
Batting: RHB Norberto Márquez 0-0: Swinging Strike
0-1: Called Strike
0-2: Strikes out swinging
Batting: RHB Daniel Martínez 0-0: Called Strike
0-1: Ground out 4-3 (Groundball, 4MD)
Batting: RHB Matt Tucker 0-0: Swinging Strike
0-1: Foul Ball, location: 2F
0-2: Foul Ball, location: 2F
0-2: Ball
1-2: Ball
2-2: Strikes out looking
Bottom of the 5th over - 0 run(s), 0 hit(s), 0 error(s), 0 left on base; Montgomery 0 - State College 2
TOP OF THE 6TH
Montgomery Grey Sox batting - Pitching for State College Spikes : RHP Luis García
Batting: LHB Amlak Saitoti 0-0: Foul Ball, location: 2F
0-1: SINGLE (Groundball, 4M) (infield hit)
Batting: SHB Joe Pierce 0-0: Ball
1-0: Called Strike
1-1: Foul Ball, location: 2F
1-2: Strikes out swinging
Batting: RHB Reinaldo Amarante 0-0: DOUBLE (Flyball, 9D)
Amlak Saitoti to third
Runner from 3rd tries for Home, SAFE, throw made home
Batting: SHB Hoyt Norris 0-0: Swinging Strike
0-1: Ball
1-1: DOUBLE (Line Drive, 7LM)
Reinaldo Amarante scores
Batting: RHB Lawrence Davidson 0-0: Intentional Walk
Batting: RHB Bradley Burns 0-0: Grounds into double play, 6-4-3 (Groundball, 6M)
Top of the 6th over - 2 run(s), 3 hit(s), 0 error(s), 1 left on base; Montgomery 2 - State College 2
BOTTOM OF THE 6TH
State College Spikes batting - Pitching for Montgomery Grey Sox : RHP Jorge Villalobos
Batting: RHB Luis Montoya 0-0: Ball
1-0: Called Strike
1-1: Ball
2-1: Ball
3-1: Ground out 6-3 (Groundball, 6M)
Batting: RHB Martín López 0-0: Ball
1-0: Ball
2-0: Ground out 6-3 (Groundball, 6S)
Batting: RHB Joe Salas 0-0: DOUBLE (Flyball, 8RXD)
Batting: LHB Robin Jamieson 0-0: Foul Ball, location: 2F
0-1: Ball
1-1: Ball
2-1: Ball
3-1: Base on Balls
Batting: RHB Luis Árias 0-0: Foul Ball, location: 2F
0-1: Ball
1-1: Ball
2-1: Fly out, F9 (Flyball, 89M)
Bottom of the 6th over - 0 run(s), 1 hit(s), 0 error(s), 2 left on base; Montgomery 2 - State College 2
TOP OF THE 7TH
Montgomery Grey Sox batting - Pitching for State College Spikes : RHP Luis García
Batting: RHB Dean Bailey 0-0: Called Strike
0-1: Ball
1-1: Foul Ball, location: 2F
1-2: Foul Ball, location: 2F
1-2: DOUBLE (Line Drive, 78M)
Pinch Hitting: LHB Robinson López 0-0: Intentional Walk
Pitching: LHP Dan Brown
Batting: SHB Kenneth Cruz 0-0: Ball
1-0: Called Strike
1-1: Ball
2-1: Foul Ball, location: 2F
2-2: Ball
3-2: Foul Ball, location: 2F
3-2: Foul Ball, location: 2F
3-2: SINGLE (Line Drive, 89S)
Dean Bailey to third
Robinson López to second
Runner from 3rd tries for Home, SAFE, throw made home
Pinch Hitting: RHB Fred Moulds 0-0: Called Strike
0-1: Ball
1-1: Foul Ball, location: 2F
1-2: Hit by Pitch
Robinson López to third
Kenneth Cruz to second
Batting: SHB Joe Pierce 0-0: Called Strike
0-1: Swinging Strike
0-2: Foul Ball, location: 2F
0-2: Ball
1-2: Ball
2-2: Strikes out swinging
Batting: RHB Reinaldo Amarante 0-0: Called Strike
0-1: Ball
1-1: Ball
2-1: Ball
3-1: Base on Balls
Robinson López scores
Kenneth Cruz to third
Fred Moulds to second
Batting: SHB Hoyt Norris 0-0: Ball
1-0: Swinging Strike
1-1: Swinging Strike
1-2: Strikes out swinging
Batting: RHB Lawrence Davidson 0-0: Ball
1-0: Called Strike
1-1: Called Strike
1-2: Ball
2-2: Strikes out looking
Top of the 7th over - 2 run(s), 2 hit(s), 0 error(s), 3 left on base; Montgomery 4 - State College 2
BOTTOM OF THE 7TH
State College Spikes batting - Pitching for Montgomery Grey Sox : RHP Jorge Villalobos
Pitching: RHP Cody Nichols
Now at 1B: Robinson López
Now at SS: Julius Farmer
Batting: LHB Jorge Luna 0-0: Foul Ball, location: 2F
0-1: Called Strike
0-2: Ball
1-2: Ball
2-2: Ball
3-2: Foul Ball, location: 2F
3-2: Base on Balls
Batting: RHB Norberto Márquez 0-0: Ball
1-0: Swinging Strike
1-1: Swinging Strike
1-2: Grounds into double play, 6-4-3 (Groundball, 6)
Batting: RHB Daniel Martínez 0-0: Fly out, F7 (Line Drive, 7LM)
Bottom of the 7th over - 0 run(s), 0 hit(s), 0 error(s), 0 left on base; Montgomery 4 - State College 2
TOP OF THE 8TH
Montgomery Grey Sox batting - Pitching for State College Spikes : LHP Dan Brown
Batting: RHB Bradley Burns 0-0: Called Strike
0-1: Ball
1-1: Foul Ball, location: 2F
1-2: Ball
2-2: Ball
3-2: Foul Ball, location: 2F
3-2: Foul Ball, location: 2F
3-2: Strikes out swinging
Batting: RHB Dean Bailey 0-0: Ball
1-0: Called Strike
1-1: Ball
2-1: Foul Ball, location: 2F
2-2: Ball
3-2: Strikes out swinging
Pitching: RHP Drake Johnston
Batting: LHB Robinson López 0-0: Called Strike
0-1: Ball
1-1: DOUBLE (Line Drive, 9LM)
Pinch Runner at 2nd Pancho Ruíz:
Batting: SHB Kenneth Cruz 0-0: Foul Ball, location: 2F
0-1: Ground out U3 (Groundball, 34S)
Top of the 8th over - 0 run(s), 1 hit(s), 0 error(s), 1 left on base; Montgomery 4 - State College 2
BOTTOM OF THE 8TH
State College Spikes batting - Pitching for Montgomery Grey Sox : RHP Cody Nichols
Now at 1B: Pancho Ruíz
Batting: RHB Matt Tucker 0-0: Called Strike
0-1: Ball
1-1: Fly out, F9 (Flyball, 9S)
Batting: RHB Luis Montoya 0-0: Foul Ball, location: 2F
0-1: SINGLE (Groundball, 6M) (infield hit)
Batting: RHB Martín López 0-0: Ball
Wild Pitch!
Luis Montoya to second
1-0: Called Strike
1-1: Swinging Strike
1-2: Strikes out swinging
Batting: RHB Joe Salas 0-0: Ball
1-0: Ball
2-0: Ground out 6-3 (Groundball, 6)
Bottom of the 8th over - 0 run(s), 1 hit(s), 0 error(s), 1 left on base; Montgomery 4 - State College 2
TOP OF THE 9TH
Montgomery Grey Sox batting - Pitching for State College Spikes : RHP Drake Johnston
Batting: RHB Julius Farmer 0-0: Ball
1-0: Foul Ball, location: 2F
1-1: Ground out 1-3 (Groundball, 15)
Batting: SHB Joe Pierce 0-0: Foul Ball, location: 2F
0-1: Ball
1-1: Ball
2-1: Fly out, F8 (Flyball, 8LM)
Batting: RHB Reinaldo Amarante 0-0: Called Strike
0-1: Foul Ball, location: 2F
0-2: Ball
1-2: Ball
2-2: Strikes out swinging
Top of the 9th over - 0 run(s), 0 hit(s), 0 error(s), 0 left on base; Montgomery 4 - State College 2
BOTTOM OF THE 9TH
State College Spikes batting - Pitching for Montgomery Grey Sox : RHP Cody Nichols
Pitching: RHP Ron Simmons
Batting: LHB Robin Jamieson 0-0: Swinging Strike
0-1: Called Strike
0-2: Ball
1-2: Ball
2-2: SINGLE (Line Drive, 4M)
Pinch Hitting: RHB Scott Lee 0-0: Ball
1-0: Called Strike
1-1: Ground out 4-3 (Groundball, 34)
Robin Jamieson to second
Batting: LHB Jorge Luna 0-0: Called Strike
0-1: DOUBLE (Flyball, 89D)
Robin Jamieson scores
Pinch Hitting: RHB Millard Walker 0-0: SINGLE (Line Drive, 56D)
Jorge Luna to third
Pinch Hitting: LHB Burt Ward 0-0: Called Strike
0-1: Foul Ball, location: 2F
0-2: Strikes out swinging
Pinch Hitting: RHB Diego Benítez 0-0: Ball
1-0: Ball
2-0: Ball
3-0: Base on Balls
Millard Walker to second
Batting: RHB Luis Montoya 0-0: Ball
1-0: Ground out 6-3 (Groundball, 6S)
Bottom of the 9th over - 1 run(s), 3 hit(s), 0 error(s), 3 left on base; Montgomery 4 - State College 3
Tuesday, August 8th, 2017 - OOTP Baseball 17.12 Build 75